 Dungeon Crawl Stone Soup version 0.26.1-13-g052cdd8df3 (webtiles) character file.

Game seed: 5455024289705433235

4705 Thraspic the Cleaver (level 10, 0/94 HPs)
             Began as a Palentonga Abyssal Knight on Jan 13, 2022.
             Was a Priest of Lugonu.
             Slain by an orc
             ... wielding a +0 flail
              (8 damage)
             ... on level 7 of the Dungeon.
             The game lasted 00:17:34 (9508 turns).

Thraspic the Cleaver (Palentonga Abyssal Knight)    Turns: 9508, Time: 00:17:34

Health: 0/94       AC: 19    Str: 21    XL:     10   Next: 21%
Magic:  5/16       EV:  8    Int: 13    God:    Lugonu [***...]
Gold:   527        SH:  0    Dex: 10    Spells: 9/9 levels left

rFire    . . .     SeeInvis +   b - +7 lajatang of Order {silver, rMut}
rCold    + . .     Faith    .   (shield currently unavailable)
rNeg     . . .     Spirit   .   C - +2 ring mail {rPois}
rPois    +         Reflect  .   r - +1 helmet
rElec    .         Harm     .   q - +1 cloak
rCorr    .         Rampage  .   (no gloves)
rMut     +                      (no barding)
Will     +....                  (no amulet)
Stlth    +.........             F - ring of see invisible
HPRegen  0.25/turn              E - ring of the Hero {rC+ Will+ Str+3 Stlth+}
MPRegen  0.15/turn

@: curled up
A: large, talons 1, rugged brown scales 3, see invisible, deformed body,
mutation resistance 1, roll 1, armoured tail, reflexive curl
a: Rolling Charge, Renounce Religion, Depart the Abyss, Bend Space, Banish


You were on level 7 of the Dungeon.
You worshipped Lugonu.
Lugonu was most pleased with you.
You visited 1 branch of the dungeon, and saw 8 of its levels.
You visited the Abyss 1 time.
You also visited: Bailey.

You collected 527 gold pieces.

Inventory:

Hand Weapons
 a - a +7 mace of draining
 b - the +7 lajatang of Order (weapon) {silver, rMut}
   (You found it on level 4 of the Dungeon)

   It protects you from mutation.
 h - a +0 flail
 v - a +0 battleaxe
 K - a +1 mace of holy wrath
 M - a +1 war axe
Missiles
 d - 53 boomerangs
 k - a throwing net
 u - 65 poisoned darts
Armour
 n - a +0 ring mail
 p - a +0 scale mail
 q - a +1 cloak (worn)
 r - a +1 helmet (worn)
 w - a +0 leather armour
 x - a +0 kite shield
 A - the +3 leather armour "Voyqan" {Rampage rCorr Dex-2}
   (You found it on level 4 of the Dungeon)

   It affects your dexterity (-2).
   It provides partial protection from all sources of acid and corrosion.
   It bestows one free step when moving towards enemies.
 C - a +2 ring mail of poison resistance (worn)
 J - a +0 plate armour
Jewellery
 E - the ring of the Hero (right hand) {rC+ Will+ Str+3 Stlth+}
   (You took it off a big kobold on level 7 of the Dungeon)

   [ring of willpower]

   It affects your strength (+3).
   It protects you from cold.
   It affects your willpower, your defense against some magical effects.
   It makes you more stealthy.
 F - a ring of see invisible (left hand)
Wands
 j - a wand of flame (33)
 y - a wand of digging (4)
Scrolls
 c - 7 scrolls of teleportation
 e - 2 scrolls of amnesia
 g - a scroll of remove curse
 t - a scroll of identify
 D - a scroll of enchant weapon
Potions
 f - 2 potions of ambrosia
 i - 3 potions of curing
 l - 2 potions of flight {unknown}
 m - a potion of magic {unknown}
 o - 2 potions of mutation
 s - 3 potions of attraction
 z - a potion of lignification {unknown}
 B - a potion of heal wounds {unknown}
 G - 2 potions of brilliance
 H - a potion of haste
 I - a potion of invisibility {unknown}
 L - 2 potions of resistance {unknown}


   Skills:
 - Level 8.0 Fighting
 - Level 10.0 Axes
 + Level 4.6 Armour
 - Level 0.7 Dodging
 - Level 8.0 Invocations


You had 9 spell levels left.
You didn't know any spells.
Your spell library was empty.

Dungeon Overview and Level Annotations

Branches:
Dungeon (8/15)             Temple (0/1) D:7            Lair (0/6) D:8
 Bailey (visited)

Altars:
Ashenzari
Elyvilon
Fedhas
Okawaru

Shops:
D:4 (

Annotations:
D:7 corrupted
D:8 2 runed translucent doors
Abyss:1 Harold


Innate Abilities, Weirdness & Mutations

You are completely covered in rugged brown scales. (AC +3, +7% HP)
You have supernaturally acute eyesight. (SInv)
Armour fits poorly on your strangely shaped body.
You can roll at nearby foes to attack.
You have a long armoured tail.
You curl defensively after being hit.
You have sharp toenails.
You are somewhat resistant to further mutation.


Message History

The orc hits you with a +0 flail.
* * * LOW HITPOINT WARNING * * *
The orc barely misses you.
Unknown command.
Okay, then.
Okay, then.
Press: ? - help, Shift-Dir - straight line, f - Harold
Aim: Harold, wielding a +0 hand axe, wearing a +0 chain mail and carrying a wand of acid (1) (moderately wounded, chance to affect: 56%) Harold is devoured by a tear in reality.
Lugonu claims a new guest.
The adder bites you.
* * * LOW HITPOINT WARNING * * *
Training target 8.0 for Fighting reached!
Your Fighting skill increases to level 8!
Your Armour skill increases to level 4!
Unknown command.
Lugonu's Hand of Corruption reaches out!
You can no longer corrupt the fabric of space.
The adder barely misses you. The orc hits you with a +0 flail!
You die...

... #.# .# .# ..#.. ..
.. ..#X##. #.##
###.X3#.
#...##..W.#.##### #
#.L..#.#.>#X$....
#.#.#W..3Dx.o#.####
##.#....#.X.@o.#.#
#<............3So§o..##
#.# #.#...!#3.#.#Xh.#$.
#.# #..#.###...#.#..#
##.## #........[..>5...
#... ##.#.####..#.#...
#..# #.#.# ..#...#..
#..######.#.# #....$...
#.........#.#


You could see an orc priest, an adder, 3 orcs, a neutral bone dragon (summoned),
2 neutral starcursed masses, a neutral lich (summoned), 3 neutral large
abominations, a neutral freezing wraith (summoned), a neutral sixfirhy
(summoned), a neutral smoke demon (summoned), a neutral raiju (summoned), 2
neutral neqoxecs, a neutral wraith (summoned), a neutral small abomination
(summoned) and a neutral quasit (summoned).

Vanquished Creatures
  A two-headed ogre (D:8)
  The ghost of CoveEight the Digger, an amateur GrEE (D:4)
  Sigmund (D:2)
  Menkaure (D:7)
  5 orc warriors (Bailey)
  2 phantoms
  A black bear (D:7)
  5 ogres
  A centaur (D:5)
  A boggart (D:6)
  A big kobold (D:7)
  2 gnoll sergeants (D:7)
  2 bullfrogs (D:7)
  A water moccasin zombie (D:6)
  Dowan (D:6)
  A water moccasin skeleton (D:6)
  4 killer bees (D:8)
  A howler monkey (D:6)
  A centaur zombie (D:5)
  An orc priest (D:7)
  A jelly (D:5)
  A bullfrog skeleton (D:4)
  4 hounds
  2 centaur skeletons
  2 iguanas
  5 worker ants
  12 adders
  7 gnolls
  2 shadow imps
  2 ufetubi
  An ooze (D:7)
  3 adder skeletons
  A worm (D:4)
  3 dart slugs
  6 leopard geckos
  18 orcs
  5 bats
  4 giant cockroaches
  17 goblins
  13 hobgoblins
  8 jackals (D:2)
  22 kobolds
  5 quokkas
  A ball python (D:8)
  6 frilled lizards
  A leopard gecko skeleton (D:5)
  5 rats
191 creatures vanquished.

Notes
Turn   | Place    | Note
-------+----------+-------------------------------------------
     0 | Abyss:1  | Thraspic the Palentonga Abyssal Knight began the quest for
                  | the Orb.
     0 | Abyss:1  | Reached XP level 1. HP: 20/20 MP: 2/2
    25 | D:1      | Escaped the Abyss
   314 | D:1      | Reached XP level 2. HP: 24/27 MP: 3/3
   542 | D:2      | Noticed Sigmund
   554 | D:2      | Killed Sigmund
   555 | D:2      | Reached skill level 5 in Axes
   555 | D:2      | Reached XP level 3. HP: 19/33 MP: 4/4
   555 | D:2      | Reached XP level 4. HP: 23/40 MP: 5/5
   555 | D:2      | Reached XP level 5. HP: 28/48 MP: 6/6
   709 | D:2      | Reached ** piety under Lugonu
   895 | D:2      | Found an iron altar of Okawaru.
  1890 | D:3      | Reached skill level 6 in Axes
  2712 | D:3      | Gained mutation: You have sharp toenails. [potion of
                  | mutation]
  2712 | D:3      | Gained mutation: You are somewhat resistant to further
                  | mutation. [potion of mutation]
  2796 | D:4      | Found Kesob's Weapon Boutique.
  2892 | D:4      | Found a broken altar of Ashenzari.
  2912 | D:4      | Reached XP level 6. HP: 40/54 MP: 7/7
  3118 | D:4      | Reached *** piety under Lugonu
  3119 | D:4      | Reached skill level 7 in Axes
  3474 | D:4      | Found the +7 lajatang of Order {silver, rMut}
  3635 | D:4      | Got a transparent leather armour
  3646 | D:4      | Identified the +3 leather armour "Voyqan" {Rampage rCorr
                  | Dex-2} (You found it on level 4 of the Dungeon)
  3800 | D:4      | Found a runed translucent door.
  3801 | D:4      | Noticed CoveEight's ghost (amateur GrEE)
  3930 | D:4      | Killed CoveEight's ghost
  3931 | D:4      | Gained mutation: You curl defensively after being hit.
                  | [Palentonga growth]
  3931 | D:4      | Reached XP level 7. HP: 52/60 MP: 7/9
  3977 | D:5      | Entered Level 5 of the Dungeon
  4067 | D:5      | Reached skill level 8 in Axes
  4290 | D:5      | Reached skill level 5 in Invocations
  5396 | D:5      | Reached XP level 8. HP: 54/70 MP: 12/12
  5685 | D:6      | Found a white marble altar of Elyvilon.
  5814 | D:6      | Noticed Duvessa
  5814 | D:6      | Noticed Dowan
  5818 | D:6      | Noticed Duvessa
  5818 | D:6      | Duvessa changed into Duvessa the boggart
  5822 | D:6      | Killed Duvessa the boggart
  5826 | D:6      | Killed Dowan
  5827 | D:6      | Reached skill level 5 in Fighting
  5882 | D:6      | Reached **** piety under Lugonu
  6035 | D:6      | Found a blossoming altar of Fedhas.
  6244 | D:7      | Noticed Menkaure
  6247 | D:7      | Killed Menkaure
  6416 | D:7      | Identified the ring of the Hero {rC+ Will+ Str+3 Stlth+}
  6420 | D:7      | Reached XP level 9. HP: 31/80 MP: 15/15
  6669 | D:7      | Noticed Harold
  6690 | D:7      | Found a staircase to the Ecumenical Temple.
  6795 | D:8      | Found a flagged portal.
  6806 | Bailey   | Entered a bailey
  7219 | Bailey   | Reached skill level 9 in Axes
  7859 | Bailey   | Reached skill level 10 in Axes
  8178 | D:8      | Found a staircase to the Lair.
  8811 | D:8      | Noticed a two-headed ogre
  8815 | D:8      | Killed a two-headed ogre
  9176 | D:8      | Reached XP level 10. HP: 92/92 MP: 16/16
  9248 | D:8      | Found a large runed translucent door.
  9248 | D:8      | Found a large runed translucent door.
  9507 | D:7      | Banished Harold
  9508 | D:7      | Corrupted D:7
  9508 | D:7      | Noticed a lich
  9508 | D:7      | Noticed a starcursed mass
  9508 | D:7      | Noticed a smoke demon
  9508 | D:7      | Noticed a sixfirhy
  9508 | D:7      | Noticed a starcursed mass
  9508 | D:7      | Noticed a large abomination
  9508 | D:7      | Noticed a bone dragon
  9508 | D:7      | Slain by an orc

Illustrated notes

Levels and vault maps discovered:
D:1:      roderic_crop_circles_arrival_small, layout_basic
D:2:      layout_basic, okawaru_trees_2, uniq_sigmund
D:3:      layout_basic, grunt_ministairs_3
D:4:      layout_basic, evilmike_ruin_ashenzari, gammafunk_ghost_grave,
          serial_shops, shop, grunt_decor_fettered, minmay_goblin_kobold_house
D:5:      layout_loops_ring, kennysheep_cross_bottleneck
D:6:      layout_rooms, marbit_many_paths, elyvilon_altar_1, uniq_duvessa
D:7:      minmay_recursive_quarters, layout_basic,
          minmay_temple_entry_crystal_x, basic_altar, uniq_harold, uniq_menkaure
D:8:      layout_basic, lair_entry_dummy, enter_bailey_5,
          minmay_hollow_rounded_squares

Skill      XL: |  1  2  3  4  5  6  7  8  9 10 |
---------------+-------------------------------+-----
Axes           | 5 6 7 8 10 | 10.0
Invocations    | 3 5 8 |  8.0
Fighting       | 6 7 8 |  8.0
Armour         | 3 4 |  4.6
Dodging        | |  0.7

Action                   |  1- 3 |  4- 6 |  7- 9 | 10-12 || total
-------------------------+-------+-------+-------+-------++-------
Melee: Hand axe          |    26 |   139 |       |       ||   165
       Tailslap          |     6 |    14 |    22 |     2 ||    44
       Kick              |       |    14 |    33 |     4 ||    51
       Lajatang          |       |    26 |   211 |    12 ||   249
       War axe           |       |    23 |       |       ||    23
Throw: Boomerang         |       |       |   116 |       ||   116
Invok: Bend Space        |       |       |     7 |     1 ||     8
       Banish            |       |       |     4 |     1 ||     5
       Corrupt           |       |       |       |     1 ||     1
 Abil: Rolling Charge    |       |       |    33 |       ||    33
Evoke: Wand              |       |       |     6 |       ||     6
  Use: Scroll            |       |     4 |     8 |       ||    12
       Potion            |       |     2 |     2 |       ||     4
 Stab: Sleeping          |       |       |     1 |     1 ||     2
Armor: Leather armour    |     7 |    37 |    10 |       ||    54
       Scale mail        |       |    46 |       |       ||    46
       Ring mail         |       |     5 |   238 |     6 ||   249
Dodge: Dodged            |    13 |    84 |   217 |     3 ||   317
